 Dungeon Crawl Stone Soup version 0.19.5 (webtiles) character file.

142 Grujah the Sneak (level 5, -6/31 HPs)
             Began as a Kobold Assassin on May 10, 2017.
             Mangled by Grinder (9 damage)
             ... on level 3 of the Dungeon.
             The game lasted 00:03:37 (2420 turns).

Grujah the Sneak (Kobold Assassin)                  Turns: 2420, Time: 00:03:38

Health: -6/31      AC:  3    Str: 13    XL:     5   Next: 49%
Magic:  5/5        EV: 14    Int: 12    God:
Gold:   155        SH:  0    Dex: 18    Spells: 0 memorised, 4 levels left

rFire  . . .     SeeInvis .     a - +2 dagger
rCold  . . .     Gourm    .     c - +0 robe
rNeg   . . .     Faith    .     (shield restricted)
rPois  .         Spirit   .     (no helmet)
rElec  .         Reflect  .     d - +0 cloak
rCorr  .         Harm     .     (no gloves)
MR     .....                    (no boots)
Stlth  ++++......               (no amulet)
                                (no ring)
                                (no ring)

@: mighty, about to teleport
A: carnivore 3
a: no special abilities


You were on level 3 of the Dungeon.
You were not hungry.

You visited 1 branch of the dungeon, and saw 3 of its levels.

You collected 155 gold pieces.

Inventory:

Hand Weapons
 a - a +2 dagger (weapon)
 b - a +0 blowgun
Missiles
 e - 6 poisoned needles
 f - 2 curare-tipped needles
Armour
 c - a +0 robe (worn)
 d - a +0 cloak (worn)
Jewellery
 m - a cursed -2 ring of intelligence
Wands
 p - a wand of iceblast (0/15)
Scrolls
 h - a scroll of teleportation
 i - a scroll of remove curse {unknown}
 j - a scroll of random uselessness {unknown}
 k - a scroll of identify
Potions
 n - a potion of agility
Comestibles
 g - a meat ration
 o - a beef jerky


   Skills:
 + Level 2.7 Fighting
 + Level 3.8 Short Blades
 + Level 2.4 Throwing
 + Level 1.6 Dodging
 + Level 7.7 Stealth
 + Level 0.2 Evocations


You had 4 spell levels left.
You didn't know any spells.

Dungeon Overview and Level Annotations

Branches:
Dungeon (3/15)

Altars:
Uskayaw

Annotations:
D:3 1 runed door, Grinder


Innate Abilities, Weirdness & Mutations

You are small and have problems with some larger weapons.
You are carnivorous and can eat meat at any time.


Message History

Grinder is lightly wounded.
Grinder hits you!
You writhe in agony.
Grinder hits you!
* * * LOW HITPOINT WARNING * * *
You writhe in agony.
* * * LOW HITPOINT WARNING * * *
It was a potion of might.
You feel very mighty all of a sudden. Grinder hits you but does no damage.
There is an open door here.
Grinder blinks!
As you read the scroll labeled OSAIDETS JOSITS, it crumbles to dust.
It is a scroll of identify.
m - a cursed -2 ring of intelligence
As you read the scroll of identify, it crumbles to dust.
n - a potion of agility
As you read the scroll labeled TOHAQU ZIUME, it crumbles to dust.
You feel strangely unstable.
It was a scroll of teleportation.
Grinder hits you!
You die...

#.# #.# ##.....## ##.####
##.## ##.......##
....<.#####...####.........#
.................'.........'
.#.##.###......#.#.........#
...##.# #..#.#.#.##.......##
.####.# #..#.#.#.###.....##
......# #..#...#5# ##...##
####### #..##..#@# #+##
#..##..#.# #......#.#
#...###### ###.# #.# #.# #.#
####


You could see Grinder.

Vanquished Creatures
  The ghost of Grujah the Sneak, an amateur KoEn (D:3)
  An adder (D:3)
  3 oozes (D:1)
  A worm (D:3)
  4 leopard geckos
  2 giant cockroaches (D:1)
  3 goblins
  8 hobgoblins
  2 jackals (D:1)
  2 ball pythons
  3 bats
  2 frilled lizards
  9 kobolds
  6 rats
47 creatures vanquished.

Notes
Turn   | Place    | Note
-------+----------+-------------------------------------------
     0 | D:1      | Grujah the Kobold Assassin began the quest for the Orb.
     0 | D:1      | Reached XP level 1. HP: 12/12 MP: 1/1
    38 | D:1      | Reached XP level 2. HP: 9/17 MP: 2/2
    49 | D:1      | Reached skill level 6 in Stealth
   273 | D:1      | Reached XP level 3. HP: 10/21 MP: 3/3
  1217 | D:2      | Reached XP level 4. HP: 26/27 MP: 4/4
  1854 | D:3      | Found a hide-covered altar of Uskayaw.
  2094 | D:3      | Found a runed door.
  2392 | D:3      | Noticed Grujah's ghost (amateur KoEn)
  2401 | D:3      | Killed Grujah's ghost
  2401 | D:3      | Reached skill level 7 in Stealth
  2401 | D:3      | Reached XP level 5. HP: 28/31 MP: 5/5
  2403 | D:3      | Noticed Grinder
  2409 | D:3      | HP: 1/31 [Grinder (5)]
  2420 | D:3      | Mangled by Grinder

Skill      XL: |  1  2  3  4 |
---------------+-------------+-----
Stealth        | 6 7 |  7.7
Short Blades   | 3 |  3.8
Fighting       | |  2.7
Throwing       | |  2.4
Dodging        | |  1.6
Evocations     | |  0.2

Action                   |  1- 3 |  4- 6 || total
-------------------------+-------+-------++-------
Melee: Dagger            |    97 |    35 ||   132
 Fire: Blowgun           |     7 |       ||     7
Evoke: Wand              |       |     2 ||     2
  Use: Scroll            |       |     3 ||     3
       Potion            |       |     1 ||     1
 Stab: Sleeping          |     8 |     8 ||    16
  Eat: Chunk             |     8 |       ||     8
Armor: Robe              |    20 |     5 ||    25
Dodge: Dodged            |    58 |    11 ||    69
